 Dungeon Crawl Stone Soup version 0.29.1-15-g9cfb28693d (webtiles) character file.

Game seed: 15184616273257411191

1034 BeingJoeMalik the Poker (level 8, -3/46 HPs)
             Began as a Tengu Fighter on Mar 4, 2023.
             Was a Follower of Okawaru.
             Slain by Duvessa
             ... wielding a +6 short sword of freezing
              (4 damage)
             ... on level 6 of the Dungeon.
             The game lasted 00:10:21 (4829 turns).

BeingJoeMalik the Poker (Tengu Fighter)             Turns: 4829, Time: 00:10:21

Health: -3/46      AC: 17    Str: 18    XL:     8   Next: 24%
Magic:  9/9        EV:  8    Int:  8    God:    Okawaru [*.....]
Gold:   286        SH:  6    Dex: 15    Spells: 7/7 levels left

rFire   . . .      SeeInvis .   p - +8 trident of the Octopus King {venom, rElec rPois}
rCold   + . .      Faith    .   c - +1 buckler
rNeg    . . .      Spirit   .   b - +1 chain mail {rC+}
rPois   +          Reflect  .   (helmet restricted)
rElec   +          Harm     .   d - +2 cloak {Will+}
rCorr   .          Rampage  .   (no gloves)
Will    +....                   (boots unavailable)
Stlth   ..........              (no amulet)
HPRegen 0.15/turn               o - +4 ring of protection
MPRegen 0.11/turn               (no ring)

@: flying quickly and evasively, quick
A: beak, talons 3, nimble flight
a: Renounce Religion, Heroism


You were on level 6 of the Dungeon.
You worshipped Okawaru.
Okawaru was aware of your devotion.
You visited 1 branch of the dungeon, and saw 6 of its levels.

You collected 286 gold pieces.

Inventory:

Hand Weapons
 a - a +1 flail
 p - the +8 trident of the Octopus King (weapon) {venom, rElec rPois}
   (You found it on level 3 of the Dungeon)

   It poisons the flesh of those it strikes.
   rElec:     It insulates you from electricity.
   rPois:     It protects you from poison.
Missiles
 e - a poisoned dart (quivered)
Armour
 b - a +1 chain mail of cold resistance (worn)
 c - a +1 buckler (worn)
 d - a +2 cloak of willpower (worn)
 q - a +3 leather armour
Jewellery
 o - a +4 ring of protection (left hand)
Wands
 l - a wand of iceblast (10)
 t - a wand of quicksilver (13)
Scrolls
 g - a scroll of magic mapping
 j - a scroll of blinking
 k - 7 scrolls of teleportation
 s - a scroll of poison
Potions
 f - 2 potions of invisibility
 h - a potion of might
 i - a potion of attraction
 m - a potion of lignification {unknown}
 n - 2 potions of curing
 r - a potion of flight {unknown}


   Skills:
 - Level 3.0 Fighting
 - Level 7.1 Maces & Flails
 + Level 7.5 Polearms
 - Level 3.2 Armour
 - Level 3.0 Shields


You had 7 spell levels left.
You didn't know any spells.
Your spell library contained the following spells:

 Spells                   Type           Power      Damage    Failure   Level
 Apportation              Tloc           0%         N/A       100%        1
 Necrotise                Necr           0%         1d4       100%        1
 Ensorcelled Hibernation  Hex/Ice        0%         N/A       100%        2
 Passwall                 Tmut/Erth      0%         N/A       100%        2
 Swiftness                Air            0%         N/A       100%        3
 Summon Small Mammal      Summ           Unusable   N/A       N/A         1

Dungeon Overview and Level Annotations

Branches:
Dungeon (6/15)
 Temple: D:4-7

Altars:
Okawaru
Ru
Uskayaw

Shops:
D:3 ?

Annotations:
D:4 1 exclusion
D:6 Duvessa


Innate Abilities, Weirdness & Mutations

You have a beak for a mouth.
You have claws for feet.
Your magical nature lets you fly swiftly and evasively.


Message History

You throw a poisoned dart.
The poisoned dart barely misses Duvessa.
Throw: 3 darts (poison)
Press: ? - help, Q - select action, (/) - cycle Shift-Dir - straight line, f/p - Duvessa
Aim: Duvessa, wielding a +6 short sword of freezing and wearing a +0 leather armour (berserk, poisoned, 63% to hit)
You throw a poisoned dart. The poisoned dart hits Duvessa.
Duvessa looks even sicker.
Throw: 2 darts (poison)
Press: ? - help, Q - select action, (/) - cycle Shift-Dir - straight line, f/p - Duvessa
Aim: Duvessa, wielding a +6 short sword of freezing and wearing a +0 leather armour (lightly wounded, berserk, very poisoned, 63% to hit)
You throw a poisoned dart.
The poisoned dart barely misses Duvessa.
You hit Duvessa but do no damage. You claw Duvessa. You peck Duvessa.
Duvessa is lightly wounded.
Duvessa hits you with a +6 short sword of freezing!!
You closely miss Duvessa. You claw Duvessa. Your peck misses Duvessa.
Duvessa is moderately wounded.
Duvessa completely misses you. You block Duvessa's attack.
You closely miss Duvessa. You claw Duvessa.
Duvessa is moderately wounded.
Duvessa hits you with a +6 short sword of freezing!
Duvessa freezes you.
You are too injured to fight recklessly!
You hit Duvessa. You claw Duvessa. Your peck misses Duvessa.
Duvessa is moderately wounded.
Duvessa hits you but does no damage.
Unknown command.
You closely miss Duvessa. You claw Duvessa, but do no damage.
Duvessa is moderately wounded.
Duvessa hits you but does no damage. You block Duvessa's attack.
You puncture Duvessa!
Duvessa looks as sick as possible!
You claw Duvessa. Your peck misses Duvessa.
Duvessa is severely wounded.
Duvessa hits you with a +6 short sword of freezing.
You hit Duvessa but do no damage. Your kick misses Duvessa.
Duvessa is severely wounded.
Duvessa hits you with a +6 short sword of freezing!
* * * LOW HITPOINT WARNING * * *
Duvessa freezes you.
You die...

### #.. ###.######
........# #.##...###
##......@.###
#..^.....e..##
#########.#..........#
..>.......#†#...##......#
###...###...#...##..(##....
# #.#.# #...##.......(. ...
# #.#.###.#.##...######( ##
# #.#)....#.##..... # #
#†#####.#.##......


You could see Duvessa (berserk, extremely poisoned).

Vanquished Creatures
  Sigmund (D:2)
  3 black bears
  An ogre (D:5)
  A centaur (D:5)
  A necrophage (D:5)
  Dowan (D:6)
  A hound (D:4)
  An orc priest (D:3)
  Crazy Yiuf (D:2)
  4 iguanas
  4 adders
  2 white imps (D:5)
  2 dart slugs
  4 orcs
  4 bats
  12 endoplasms
  3 giant cockroaches
  6 goblins
  5 hobgoblins
  8 jackals
  3 quokkas (D:1)
  9 ball pythons
  3 frilled lizards
  11 kobolds
  3 rats
94 creatures vanquished.

Vanquished Creatures (others)
  5 plants (D:1)
5 creatures vanquished.

Grand Total: 99 creatures vanquished

Notes
Turn   | Place    | Note
-------+----------+-------------------------------------------
     0 | D:1      | BeingJoeMalik the Tengu Fighter began the quest for the
                  | Orb.
     0 | D:1      | Reached XP level 1. HP: 14/14 MP: 2/2
    69 | D:1      | Found a faded altar of an unknown god.
   122 | D:1      | Reached XP level 2. HP: 12/19 MP: 3/3
   534 | D:1      | Reached XP level 3. HP: 23/23 MP: 4/4
  1630 | D:2      | Reached XP level 4. HP: 28/28 MP: 5/5
  1720 | D:2      | Found a runed translucent door.
  1721 | D:2      | Noticed Crazy Yiuf
  1726 | D:2      | Killed Crazy Yiuf
  1727 | D:2      | Reached skill level 5 in Maces & Flails
  1807 | D:2      | Noticed Sigmund
  1821 | D:2      | Killed Sigmund
  1822 | D:2      | Gained mutation: Your magical nature lets you fly swiftly
                  | and evasively. [Tengu growth]
  1822 | D:2      | Reached XP level 5. HP: 30/32 MP: 6/6
  1822 | D:2      | Reached XP level 6. HP: 35/37 MP: 7/7
  2123 | D:3      | Found a hide-covered altar of Uskayaw.
  2124 | D:3      | Found a sacrificial altar of Ru.
  2339 | D:3      | Found the +8 trident of the Octopus King {venom, rElec
                  | rPois}
  2602 | D:3      | Found Geklyili's Magic Scroll Shop.
  2860 | D:4      | Noticed a black bear
  2884 | D:4      | Found an iron altar of Okawaru.
  2892 | D:4      | Became a worshipper of Warmaster Okawaru
  2917 | D:4      | Reached skill level 1 in Polearms
  3345 | D:4      | Noticed a black bear
  3351 | D:4      | Killed a black bear
  3352 | D:4      | Reached XP level 7. HP: 41/41 MP: 8/8
  3492 | D:4      | Reached * piety under Okawaru
  3667 | D:5      | Entered Level 5 of the Dungeon
  3742 | D:5      | Reached skill level 5 in Polearms
  4585 | D:5      | Reached XP level 8. HP: 41/46 MP: 9/9
  4771 | D:6      | Noticed Dowan
  4789 | D:6      | Killed Dowan
  4818 | D:6      | Noticed Duvessa
  4829 | D:6      | HP: 1/46 [Duvessa/+6 short sword of freezing (17)]
  4829 | D:6      | Slain by Duvessa

Illustrated notes

Levels and vault maps discovered:
D:1:      eino_arrival_cavern_a, layout_basic,
          shapermc_ecumenical_altar_hornbeckon
D:2:      layout_loops_cross, serial_bayou_pond_e, serial_park_tiny_2,
          minmay_misc_feat_room, hex_tiny, uniq_crazy_yiuf_cottage, uniq_sigmund
D:3:      layout_loops_ring, chequers_temple_overflow_statue_of_worship,
          serial_shops, nicolae_shop_crystal
D:4:      minmay_goblin_kobold_castle, layout_gridville,
          mainiacjoe_overflow_surrounded_room
D:5:      layout_loops_ring
D:6:      layout_loops_ring, gup_sewer_entry_spiral, serial_shops,
          shop_fountains, nicolae_diamond_shop, shop, minivault_26,
          uniq_eustachio, uniq_duvessa, uniq_prince_ribbit1

Skill      XL: |  1  2  3  4  5  6  7  8 |
---------------+-------------------------+-----
Maces & Flails | 3 4 6 7 |  7.1
Polearms       | 3 6 7 |  7.5
Fighting       | |  3.0
Armour         | |  3.2
Shields        | |  3.0

Action                   |  1- 3 |  4- 6 |  7- 9 || total
-------------------------+-------+-------+-------++-------
Melee: Flail             |    83 |    27 |       ||   110
       Kick              |    20 |    11 |    15 ||    46
       Peck              |    10 |     7 |     7 ||    24
       Trident           |       |    40 |    54 ||    94
Throw: Dart              |       |     3 |     6 ||     9
  Use: Potion            |       |     1 |       ||     1
       Scroll            |       |     7 |     5 ||    12
 Stab: Sleeping          |       |     1 |       ||     1
Armor: Scale mail        |    40 |     6 |       ||    46
       Leather armour    |       |     9 |     3 ||    12
       Chain mail        |       |       |     9 ||     9
Dodge: Dodged            |    25 |    22 |    16 ||    63
Block: Buckler           |    23 |    14 |    13 ||    50
